Map: Newkirk Precinct TE (Void)

Players

BIGFLLA - Winner!

  • Race: Protoss Protoss
  • League: Silver
  • Spawn Location: 5:00

A.I. 1 (Medium)

  • Race: Zerg Zerg
  • Spawn Location: 7:00

VOD

Have the link to the VOD?

Description

Time

  • Played on: March 21, 2017, 1:33 a.m.
  • Length: 9:49
Show
View Real Time Build Order
Export as new Build Order

BIGFLLA Protoss - Winner!

Build Orders: Mass Adepts 

Get SALT Encoding   

  12  0:01  Probe (Chrono Boost)  
  13  0:12  Probe (Chrono Boost)  
  14  0:18  Pylon  
  14  0:23  Probe (Chrono Boost)  
  15  0:31  Assimilator  
  15  0:36  Probe (Chrono Boost)  
  16  0:47  Assimilator, Probe (Chrono Boost)  
  17  0:58  Probe (Chrono Boost)  
  17  1:02  Pylon  
  18  1:08  Probe (Chrono Boost)  
  19  1:19  Probe (Chrono Boost)  
  19  1:21  Pylon  
  20  1:29  Probe (Chrono Boost)  
  21  1:36  Pylon  
  22  1:40  Probe (Chrono Boost)  
  22  1:44  Gateway  
  22  1:50  Probe (Chrono Boost)  
  23  2:00  Gateway  
  23  2:12  Gateway  
  23  2:35  Cybernetics Core  
  22  2:41  Zealot  
  22  2:50  Zealot  
  26  2:59  Warp Gate  
  26  3:00  Zealot  
  28  3:10  Probe (Chrono Boost)  
  29  3:16  Adept  
  29  3:17  Adept  
  33  3:27  Adept  
  35  3:43  Adept  
  35  3:44  Adept  
  39  3:55  Twilight Council, Adept  
  41  4:10  Adept  
  41  4:11  Adept  
  45  4:22  Adept  
  45  4:34  Resonating Glaives  
  45  4:38  Adept  
  41  4:39  Adept  
  39  4:49  Adept  
  41  5:05  Adept  
  41  5:06  Adept  
  45  5:16  Adept  
  45  5:32  Adept  
  45  5:50  Adept  
  31  6:30  Adept  
  27  6:38  Nexus  
  27  6:42  Assimilator  
  27  6:48  Assimilator  
  23  6:54  Adept x3  
  27  7:18  Nexus  
  23  7:23  Assimilator  
  23  7:27  Assimilator  
  23  7:29  Adept x3  
  29  7:31  Pylon  
  29  7:35  Pylon  
  29  7:50  Adept x3  
  35  8:03  Probe (Chrono Boost)  
  35  8:05  Probe (Chrono Boost)  
  33  8:12  Adept x3  
  37  8:14  Probe (Chrono Boost)  
  37  8:17  Probe (Chrono Boost)  
  39  8:46  Adept x3  
  45  9:07  Probe x2 (Chrono Boost)  
  45  9:08  Probe (Chrono Boost)  
  48  9:17  Probe (Chrono Boost)  
  48  9:18  Probe (Chrono Boost)  
  48  9:20  Probe (Chrono Boost)  
  48  9:21  Adept x3  
  55  9:28  Probe x2 (Chrono Boost)  
  58  9:33  Probe (Chrono Boost)  
Show
View Real Time Build Order
Export as new Build Order

A.I. 1 (Medium) Zerg 

Build Orders: Pool First 

Get SALT Encoding   

  12  0:01  Drone  
  13  0:13  Overlord  
  13  0:18  Drone  
  14  0:31  Drone  
  14  0:34  Drone  
  16  0:42  Spawning Pool  
  16  0:45  Drone  
  16  0:49  Drone  
  17  0:52  Extractor  
  17  0:56  Drone  
  17  1:06  Overlord  
  17  1:31  Zergling x2, Queen  
  20  1:39  Roach Warren, Drone  
  20  1:41  Zergling x2  
  20  1:45  Extractor  
  20  1:49  Drone  
  21  2:00  Drone  
  22  2:18  Overlord  
  22  2:22  Roach  
  24  2:32  Roach  
  26  2:41  Overlord  
  26  2:42  Roach  
  28  2:51  Roach  
  30  2:52  Drone  
  32  2:58  Drone  
  32  3:09  Roach  
  32  3:10  Drone  
  32  3:11  Baneling Nest  
  34  3:14  Drone  
  35  3:20  Drone  
  36  3:30  Evolution Chamber  
  36  3:31  Drone  
  38  3:41  Roach, Drone  
  38  3:43  Overlord  
  38  3:44  Drone  
  40  4:23  Drone  
  39  4:26  Drone  
  39  4:29  Drone  
  35  4:32  Zergling x2, Drone  
  35  4:35  Drone  
  34  4:43  Drone  
  34  4:44  Zergling x2  
  36  4:46  Drone  
  36  4:49  Drone  
  38  4:55  Drone  
  39  5:06  Lair, Drone  
  32  5:21  Drone  
  28  5:27  Drone, Ravager x2  
  31  5:34  Drone  
  32  5:40  Drone  
  33  5:48  Drone  
  33  5:54  Drone  
  34  5:59  Zergling x2  
  32  6:07  Hatchery  
  27  6:16  Hydralisk Den  
  24  6:32  Drone  
  22  7:01  Hatchery  
  21  7:07  Drone  
  22  7:26  Queen  
  24  7:39  Hydralisk  
  26  7:49  Drone  
  27  7:52  Drone  
  28  7:59  Drone  
  29  8:10  Drone  
  30  8:19  Drone  
  31  8:26  Drone  
  30  8:37  Drone  
  30  8:39  Drone  
  24  8:44  Drone  
  20  8:51  Drone  
  21  8:58  Drone  
  8  9:31  Drone  
  8  9:32  Drone  
  8  9:34  Drone  
Tags
 
Composition
Mass Adepts
League
Silver
Matchup
PvZ
Opening
Pool First
Replay Pack
3.21
Spawn Locations
Close Positions
Add a new tag
Caveats
  • Supply blocks, unpowered buildings, or Contaminate may cause inaccurate times.
  • Supply counts are checked every 10 seconds.